 Dungeon Crawl Stone Soup version 0.19.0-2-gae57169 (webtiles) character file.

43 Patchouli the Magician (level 3, -3/19 HPs)
             Began as a Deep Elf Ice Elementalist on Nov 7, 2016.
             Slain by a worker ant (4 damage)
             ... on level 3 of the Dungeon.
             The game lasted 00:06:42 (1259 turns).

Patchouli the Magician (Deep Elf Ice Elementalist)  Turns: 1259, Time: 00:06:43

Health: -3/19      AC:  4    Str:  5    XL:     3   Next: 37%
Magic:  10/10      EV: 13    Int: 20    God:
Gold:   82         SH:  0    Dex: 15    Spells: 2 memorised, 6 levels left

rFire  . . .     SeeInvis .     m - +2 dagger (elec)
rCold  . . .     Gourm    .     a - +0 robe
rNeg   . . .     Faith    .     (no shield)
rPois  .         Spirit   .     (no helmet)
rElec  .         Reflect  .     e - +1 cloak
rCorr  .         Harm     .     (no gloves)
MR     .....                    (no boots)
Stlth  +.........               (no amulet)
                                (no ring)
                                p - ring of loudness

@: flying
A: no striking features
a: no special abilities


You were on level 3 of the Dungeon.
You were not hungry.

You visited 1 branch of the dungeon, and saw 4 of its levels.

You collected 82 gold pieces.

Inventory:

Hand Weapons
 m - a +2 dagger of electrocution (weapon)
 q - a +0 blowgun
Missiles
 r - 34 poisoned needles
Armour
 a - a +0 robe (worn)
 e - a +1 cloak (worn)
 o - a +0 leather armour
Jewellery
 p - a ring of loudness (left hand)
Scrolls
 d - 4 scrolls of remove curse
 f - a scroll of magic mapping
 l - 2 scrolls of amnesia
Potions
 j - a potion of lignification {unknown}
 u - a potion of agility {unknown}
 w - 2 potions of degeneration
Books
 b - a book of Frost

   Spells                             Type                      Level
   a - Freeze                         Ice                          1
   b - Throw Frost                    Conjuration/Ice              2
   c - Ozocubu's Armour               Charms/Ice                   3
   d - Throw Icicle                   Conjuration/Ice              4
   e - Summon Ice Beast               Ice/Summoning                4
Comestibles
 c - 2 bread rations
 k - a meat ration
 t - 3 fruits


   Skills:
 + Level 3.1 Dodging
 - Level 2.4 Stealth
 * Level 4.4 Spellcasting
   Level 1.1 Conjurations
 + Level 3.5 Ice Magic


You had 6 spell levels left.
You knew the following spells:

 Your Spells              Type           Power        Failure   Level  Hunger
a - Freeze                Ice            ###.         2%          1    None
q - Ozocubu's Armour      Chrm/Ice       ##......     21%         3    ###....


Dungeon Overview and Level Annotations

Branches:
Dungeon (4/15)
 Temple: D:4-7

Altars:
Cheibriados

Annotations:
D:4 Pepeogr's ghost, novice DrFi


Message History

The ogre shouts!
The worker ant bites you. The ogre closely misses you.
The worker ant bites you but does no damage.
The worker ant closely misses you.
Your icy armour starts to melt.
The worker ant bites you.
* * * LOW HITPOINT WARNING * * *
The worker ant misses you.
Your icy armour evaporates.
There is a stone staircase leading up here.
The worker ant closely misses you.
You climb upwards.
There is a stone staircase leading down here.
It was a potion of flight.
You feel very buoyant.
You fly up into the air.
The worker ant bites you.
* * * LOW HITPOINT WARNING * * *
The worker ant bites you.
You die...

###..# #.##
########### ##..###.##
#.........# #(......##
#.#######.# #...####..
#.# #.# #...##.... #.#
#.###...##.... #.#
#.........)... #.#
#####..##.#[##.... #.#
#@.....##.#.##....
#.###a###.###.#.......
#.........###.######.#
#.....................
#.#.....#####.# ####..
#.#.....##....# ###
#..........###########
#.#.....##............
#.#.....##.###########


You could see a worker ant.

Vanquished Creatures
  An adder (D:3)
  A leopard gecko (D:3)
  A ball python (D:3)
  3 giant cockroaches
  3 goblins (D:3)
  6 hobgoblins
  A jackal (D:3)
  6 bats
  3 frilled lizards
  4 kobolds
  2 rats
31 creatures vanquished.

Notes
Turn   | Place    | Note
-------+----------+-------------------------------------------
     0 | D:1      | Patchouli the Deep Elf Ice Elementalist began the quest for the Orb.
     0 | D:1      | Reached XP level 1. HP: 10/10 MP: 6/6
   279 | D:1      | Reached XP level 2. HP: 15/15 MP: 5/8
   423 | D:3      | Reached skill level 4 in Spellcasting
   590 | D:2      | Reached XP level 3. HP: 19/19 MP: 8/10
   597 | D:2      | Learned a level 3 spell: Ozocubu's Armour
   609 | D:2      | Found a snail-covered altar of Cheibriados.
   836 | D:4      | Noticed an ogre
   885 | D:4      | Noticed an ogre
   966 | D:4      | Noticed Pepeogr's ghost (novice DrFi)
   971 | D:4      | Noticed an ogre
  1259 | D:3      | Slain by a worker ant

Skill      XL: |  1  2 |
---------------+-------+-----
Spellcasting   | 4 |  4.4
Dodging        | 3 |  3.1
Stealth        | |  2.4
Conjurations   | |  1.1
Ice Magic      | |  3.5

Action                   || total
-------------------------++-------
Melee: Dagger            ||     2
 Cast: Freeze            ||    38
       Ozocubu's Armour  ||     4
  Use: Scroll            ||     8
       Potion            ||     1
  Eat: Chunk             ||     1
Armor: Robe              ||    11
Dodge: Dodged            ||    31
